 Dungeon Crawl Stone Soup version 0.25.0-10-g039870ee82 (webtiles) character file.

Game seed: 4769962487643618724

4326 Delamore the Severer (level 10, -2/115 HPs)
             Began as a Hill Orc Monk on June 22, 2020.
             Was an Elder of Okawaru.
             Slain by a mummy (9 damage)
             ... in an ossuary.
             The game lasted 00:08:56 (8175 turns).

Delamore the Severer (Hill Orc Monk)                Turns: 8175, Time: 00:08:56

Health: -2/115     AC: 13    Str: 18    XL:     10   Next: 33%
Magic:  10/10      EV: 10    Int: 10    God:    Okawaru [****..]
Gold:   275        SH:  0    Dex: 13    Spells: 9/9 levels left

rFire    . . .     SeeInvis .   a - +0 hand axe
rCold    . . .     Gourm    .   (no shield)
rNeg     . . .     Faith    +   u - +4 scale mail {rPois}
rPois    +         Spirit   .   o - +1 helmet
rElec    .         Reflect  .   (no cloak)
rCorr    .         Harm     .   (no gloves)
MR       .....                  n - +0 pair of boots
Stlth    ..........             y - amulet of faith
HPRegen  0.29/turn              s - ring of flight
MPRegen  0.12/turn              (no ring)

@: berserking, very quick
A: no striking features
a: Heroism, Renounce Religion, Evoke Flight


You were in an ossuary.
You worshipped Okawaru.
Okawaru was greatly pleased with you.
You were not hungry.

You visited 1 branch of the dungeon, and saw 8 of its levels.
You also visited: Ossuary.

You collected 275 gold pieces.

Inventory:

Hand Weapons
 a - a +0 hand axe (weapon)
Missiles
 k - 43 poisoned darts (quivered)
 H - 4 silver boomerangs
Armour
 n - a +0 pair of boots (worn)
 o - a +1 helmet (worn)
 u - a +4 scale mail of poison resistance (worn)
Jewellery
 m - an uncursed amulet of the acrobat
 s - a ring of flight (left hand)
 y - an amulet of faith (around neck)
Wands
 h - a wand of polymorph (8)
 x - a wand of paralysis (10)
 z - a wand of random effects (41)
Scrolls
 d - 2 scrolls of magic mapping
 i - a scroll of random uselessness {unknown}
 l - 2 scrolls of blinking
 q - a scroll of fog {unknown}
 v - 3 scrolls of teleportation
 A - a scroll of fear {unknown}
 B - a scroll of remove curse
 E - a scroll of enchant weapon {unknown}
 F - a scroll of acquirement {unknown}
Potions
 b - a potion of degeneration
 e - 2 potions of magic {unknown}
 f - 2 potions of brilliance {unknown}
 g - a potion of lignification {unknown}
 j - 3 potions of might {unknown}
 p - 2 potions of flight {unknown}
 r - 2 potions of curing
 t - 2 potions of heal wounds
 w - a potion of berserk rage
 D - a potion of haste {unknown}
 G - a potion of mutation {unknown}
Comestibles
 c - 14 rations


   Skills:
 - Level 3.6 Fighting
 + Level 17.9 Axes
 - Level 2.4 Dodging
 - Level 1.5 Stealth


You had 9 spell levels left.
You didn't know any spells.
Your spell library was empty.

Dungeon Overview and Level Annotations

Branches:
Dungeon (8/15)             Temple (0/1) D:6         Ossuary (1/1)
   Lair: D:8-11

Altars:
Dithmenos
Hepliaklqana
Makhleb
Okawaru
Uskayaw
Vehumet
Yredelemnul

Annotations:
D:7 1 transporter


Message History

You barely miss Menkaure. You closely miss the mummy.
The mummy barely misses you. Menkaure completely misses you.
You slash Menkaure!
Menkaure is moderately damaged.
You hit the mummy. You slash Menkaure!
Menkaure is heavily damaged.
You slash the mummy!
Menkaure calls on the powers of darkness!
Your body is wracked with pain!
* * * LOW HITPOINT WARNING * * *
You slice Menkaure!!
You destroy Menkaure!
Okawaru accepts your kill.
You hit the mummy but do no damage. You hit the mummy.
You destroy the mummy!
Okawaru accepts your kill. The mummy barely misses you. The mummy hits you!
You die...

#.. ## #..# #. #..# #.
#..+ #. #..# #. #..#
############# ##
#..###....'....... #.
#..'.@M...#....... #.
#..#.#M...#...M??. #.
#..#.#....#..?!$?? #.
#..########..?$∩$! ##
#..'.#....#..?M$!! #.
#..#.'....#...?!?. #.
#..#.#....#....... #.
#..###....# #.
#..'.#################


You could see 2 mummies.

Vanquished Creatures
  Gastronok (D:8)
  Joseph (D:8)
  A hippogriff (D:8)
  A wyvern (D:8)
  A hungry ghost (D:8)
  Menkaure (Ossuary)
  Purgy (D:3)
  A centaur (D:8)
  An ogre (D:5)
  2 scorpions
  5 killer bees (D:8)
  A wight (D:8)
  3 howler monkeys (D:7)
  3 crimson imps
  2 bullfrog skeletons
  A bullfrog zombie (D:5)
  A centaur skeleton (D:4)
  4 hounds
  A gnoll shaman (D:8)
  Jessica (D:2)
  An orc wizard (D:2)
  Terence (D:3)
  3 iguanas
  Natasha (thrice) (D:3)
  2 worker ants (D:4)
  A killer bee zombie (D:7)
  3 ogre zombies (Ossuary)
  A big kobold zombie (Ossuary)
  A hound skeleton (D:6)
  4 mummies (Ossuary)
  A worker ant zombie (D:3)
  Robin (D:2)
  2 howler monkey skeletons
  8 adders
  3 gnolls (D:8)
  A shadow imp (D:8)
  An adder skeleton (D:4)
  An adder zombie (Ossuary)
  4 worms
  6 dart slugs
  5 leopard geckos
  11 orcs
  6 giant cockroaches
  3 gnoll zombies
  13 goblins
  10 hobgoblins
  3 jackals
  6 kobolds
  5 quokkas
  9 bats
  5 frilled lizards
  3 goblin zombies (Ossuary)
  2 hobgoblin zombies (Ossuary)
  2 kobold zombies (Ossuary)
  An orc zombie (Ossuary)
  3 quokka zombies (Ossuary)
  11 rats
  4 rat zombies (Ossuary)
183 creatures vanquished.

Vanquished Creatures (others)
  An orc wizard (D:3)
1 creature vanquished.

Grand Total: 184 creatures vanquished

Notes
Turn   | Place    | Note
-------+----------+-------------------------------------------
     0 | D:1      | Delamore the Hill Orc Monk began the quest for the Orb.
     0 | D:1      | Reached XP level 1. HP: 19/19 MP: 1/1
    94 | D:1      | Reached XP level 2. HP: 20/26 MP: 2/2
   240 | D:1      | Reached skill level 5 in Axes
   702 | D:1      | Reached XP level 3. HP: 28/31 MP: 3/3
  1349 | D:2      | Reached skill level 6 in Axes
  1453 | D:2      | Reached XP level 4. HP: 37/39 MP: 4/4
  1728 | D:2      | Found a hazy altar of Hepliaklqana.
  1787 | D:2      | Noticed Robin
  1812 | D:2      | Killed Robin
  1820 | D:2      | Reached skill level 7 in Axes
  2157 | D:2      | Noticed Jessica
  2168 | D:2      | Killed Jessica
  2168 | D:2      | Reached XP level 5. HP: 42/45 MP: 5/5
  2608 | D:3      | Noticed Natasha
  2608 | D:3      | Noticed Terence
  2623 | D:3      | Reached skill level 8 in Axes
  3125 | D:3      | Killed Natasha
  3125 | D:3      | Reached XP level 6. HP: 42/51 MP: 6/6
  3127 | D:3      | Killed Terence
  3208 | D:3      | Found a shadowy altar of Dithmenos.
  3218 | D:3      | Reached skill level 9 in Axes
  3423 | D:3      | Noticed Natasha
  3426 | D:3      | Noticed Purgy
  3442 | D:3      | Killed Natasha
  3462 | D:3      | Killed Purgy
  3492 | D:3      | Noticed Natasha
  3501 | D:3      | Killed Natasha
  3501 | D:3      | Reached skill level 10 in Axes
  3501 | D:3      | Reached XP level 7. HP: 35/57 MP: 7/7
  3822 | D:3      | Found a radiant altar of Vehumet.
  3876 | D:3      | Found a burning altar of Makhleb.
  4215 | D:4      | Found a hide-covered altar of Uskayaw.
  4247 | D:4      | Found an iron altar of Okawaru.
  4288 | D:4      | Became a worshipper of Warmaster Okawaru
  4288 | D:4      | Reached * piety under Okawaru
  4288 | D:4      | Reached ** piety under Okawaru
  5084 | D:5      | Entered Level 5 of the Dungeon
  5270 | D:5      | Reached skill level 11 in Axes
  5790 | D:5      | Reached skill level 12 in Axes
  5790 | D:5      | Reached XP level 8. HP: 45/64 MP: 8/8
  5941 | D:5      | Found a basalt altar of Yredelemnul.
  5941 | D:5      | You fall into a shaft and drop 3 floors!
  5941 | D:8      | Noticed Gastronok
  5969 | D:8      | Killed Gastronok
  5969 | D:8      | Reached skill level 15 in Axes
  5969 | D:8      | Reached XP level 9. HP: 63/70 MP: 9/9
  6076 | D:8      | Reached *** piety under Okawaru
  6193 | D:8      | Reached skill level 16 in Axes
  6852 | D:8      | Noticed Joseph
  6888 | D:8      | Killed Joseph
  6888 | D:8      | Reached skill level 17 in Axes
  6888 | D:8      | Reached XP level 10. HP: 29/77 MP: 8/10
  7466 | D:7      | Found a transporter.
  7496 | D:7      | Reached **** piety under Okawaru
  7713 | D:6      | Found a sand-covered staircase.
  7728 | Ossuary  | Entered an ossuary
  8142 | Ossuary  | Noticed Menkaure
  8173 | Ossuary  | Killed Menkaure
  8175 | Ossuary  | Slain by a mummy

Illustrated notes

Levels and vault maps discovered:
D:1:      nicolae_arrival_memento_mori, layout_basic,
          hangedman_decor_peaks_small, minmay_box_of_dots
D:2:      layout_loops_ring, overflow_temple_1_default, minivault_11,
          uniq_jessica, uniq_robin
D:3:      layout_basic, fiery_altar_vehumet, nicolae_overflow_crystal_walls,
          nicolae_dithmenos_shadow_blocks, uniq_natasha, uniq_purgy,
          uniq_terence
D:4:      layout_cave_pods, old_standard_altar, minmay_ruined_shrine
D:5:      layout_basic, lemuel_zombie_altar_yredelemnul, first_ration
D:6:      layout_basic, minmay_temple_entry_from_below_a,
          lightli_ossuary_entry_decrepit_ruins
D:7:      gammafunk_cloud_chamber, layout_loops_ring, overflow_temple_1_default
D:8:      layout_basic, chequers_temple_overflow_minitemple, uniq_gastronok,
          uniq_joseph
Ossuary:  ossuary_boxes_badplayer

Skill      XL: |  1  2  3  4  5  6  7  8  9 |
---------------+----------------------------+-----
Axes           | 5 6 7 8 10 12 15 17 | 17.9
Fighting       | |  3.6
Dodging        | |  2.4
Stealth        | |  1.5

Action                   |  1- 3 |  4- 6 |  7- 9 | 10-12 || total
-------------------------+-------+-------+-------+-------++-------
Melee: Hand axe          |    95 |   273 |   432 |   217 ||  1017
Throw: Boomerang         |     3 |       |       |       ||     3
       Dart              |       |     2 |    15 |       ||    17
Invok: Heroism           |       |       |     1 |       ||     1
  Use: Scroll            |       |       |     4 |     4 ||     8
       Potion            |       |       |     2 |     1 ||     3
 Stab: Sleeping          |     1 |       |       |       ||     1
       Distracted        |       |     1 |       |       ||     1
  Eat: Chunk             |     2 |     7 |    14 |     4 ||    27
       Ration            |       |       |       |     1 ||     1
Armor: Robe              |    18 |       |       |       ||    18
       Ring mail         |     3 |    53 |       |       ||    56
       Scale mail        |       |    60 |   124 |    83 ||   267
Dodge: Dodged            |    59 |   157 |   151 |    60 ||   427
